 Dungeon Sprint DCSS version 0.16-a0-3946-g4f19e5c (webtiles) character file.

886 BluebellGnoll the Thaumaturge (level 7, -7/36 HPs)
             Began as a Deep Elf Fire Elementalist on Feb 9, 2015.
             Was a Believer of Vehumet.
             Mangled by a red ugly thing (12 damage)
             ... in the Dungeon (Sprint IX: "|||||||||||||||||||||||||||||").
             The game lasted 00:05:20 (409 turns).

BluebellGnoll the Thaumaturge (DEFE)                 Turns: 409, Time: 00:05:20

Health: -7/36      AC:  6    Str:  8    XL:     7   Next: 76%
Magic:  27/31      EV: 13    Int: 22    God:    Vehumet [**....]
Gold:   0          SH:  0    Dex: 15    Spells: 6 memorised, 16 levels left

rFire  . . .     SeeInvis .     r - +2 scimitar (holy)
rCold  . . .     Clarity  .     a - +0 robe
rNeg   . . .     SustAb   .     (no shield)
rPois  .         Gourm    .     l - +0 helmet
rElec  .         Spirit   .     k - +0 cloak
rCorr  .         Warding  .     (no gloves)
rMut   .         NoTele   +     (no boots)
MR     .....                    (no amulet)
Stlth  ++........               t - +3 ring of strength
                                s - +2 ring of protection

@: not resistant to hostile enchantments, unstealthy
A: no striking features
a: Renounce Religion


You were in the Dungeon.
You worshipped Vehumet.
Vehumet was pleased with you.
You were not hungry.

You visited 1 branch

Inventory:

Hand weapons
 q - a +2 rapier of electrocution
 r - a +2 scimitar of holy wrath (weapon)
Armour
 a - a +0 robe (worn)
 k - a +0 cloak (worn)
 l - a +0 helmet (worn)
Magical staves
 p - an uncursed staff of energy
Jewellery
 s - a +2 ring of protection (left hand)
 t - a +3 ring of strength (right hand)
Magical devices
 o - a wand of cold (2)
Scrolls
 i - 2 scrolls of blinking
 m - 3 scrolls of remove curse
 n - 2 scrolls of amnesia
Potions
 d - 5 potions of curing
 e - 2 potions of heal wounds
 f - a potion of invisibility
 g - 3 potions of magic
 h - a potion of berserk rage
Books
 b - a book of Flames

   Spells                             Type                      Level
   a - Flame Tongue                   Conjuration/Fire             1
   b - Throw Flame                    Conjuration/Fire             2
   c - Conjure Flame                  Conjuration/Fire             3
   d - Inner Flame                    Hexes/Fire                   3
   e - Sticky Flame                   Conjuration/Fire             4
   f - Fireball                       Conjuration/Fire             5
Comestibles
 c - a bread ration


   Skills:
 - Level 2.4 Dodging
 * Level 2.8 Stealth
 + Level 14.2 Spellcasting
 - Level 9.7 Conjurations
 - Level 10.6 Fire Magic


You had 16 spell levels left.
You knew the following spells:

 Your Spells              Type           Power        Failure   Level  Hunger
a - Flame Tongue          Conj/Fire      #####        1%          1    None
b - Throw Flame           Conj/Fire      ######       1%          2    None
c - Conjure Flame         Conj/Fire      ######..     1%          3    None
d - Inner Flame           Hex/Fire       #####...     1%          3    None
e - Sticky Flame          Conj/Fire      ######..     1%          4    None
f - Fireball              Conj/Fire      ######....   1%          5    ###....


Dungeon Overview and Level Annotations

Branches:
Dungeon (1/1)

Altars:
Cheibriados
Dithmenos
Elyvilon
Fedhas
Gozag
Kikubaaqudgha
Makhleb
Nemelex Xobeh
Okawaru
Qazlal
Ru
Sif Muna
Trog
Vehumet
Xom
Yredelemnul
Zin
The Shining One
Beogh
Jiyva
Lugonu


Message History

The red ugly thing claws you!
You are engulfed in flames!!
Ouch! That really hurt!
* * * LOW HITPOINT WARNING * * *
Unknown command.
Evoke which item? (* to show all) (? for menu, Esc to quit)
Zapping:
o - a wand of cold (3)
Press: ? - help, Shift-Dir - straight line, f/p - red ugly thing
Aim: a red ugly thing (moderately wounded)
The bolt of cold hits the red ugly thing.
The red ugly thing is severely wounded.
The bolt of cold hits the ice beast.
The ice beast completely resists.
The bolt of cold hits the troll.
The troll is almost dead.
The bolt of cold hits the iguana.
You kill the iguana!
Vehumet accepts your kill.
This wand has 2 charges left.
The red ugly thing claws you.
* * * LOW HITPOINT WARNING * * *
You are engulfed in flames!
You die... ▓▓▓▓▓▓▓▓▓▓▓▓▓▓▓▓▓▓▓▓▓▓▓▓▓ '...)..[..'.....@uYT.F.u+ ▓▓▓▓▓▓▓▓▓▓▓▓▓▓▓▓▓▓▓▓▓▓▓▓▓

You could see 2 ugly things, a troll, an ice beast and a giant frog.

Vanquished Creatures
  A hill giant (D)
  A water moccasin (D)
  A phantom (D)
  A scorpion (D)
  An iguana (D)
  A crimson imp (D)
  A jelly (D)
  A worker ant (D)
  A gnoll (D)
  2 hobgoblins (D)
  A kobold (D)
  2 bats (D)
  3 rats (D)
17 creatures vanquished.

Notes
Turn   | Place    | Note
--------------------------------------------------------------
     0 | D        | BluebellGnoll, the Deep Elf Fire Elementalist, began the quest for the Orb.
     0 | D        | Reached XP level 1. HP: 10/10 MP: 5/5
     8 | D        | Reached skill level 4 in Spellcasting
    15 | D        | Reached skill level 6 in Spellcasting
    15 | D        | Reached XP level 2. HP: 15/15 MP: 5/12
    17 | D        | Reached skill level 7 in Spellcasting
   120 | D        | Learned a level 2 spell: Throw Flame
   121 | D        | Noticed a scorpion
   121 | D        | Noticed a worker ant
   121 | D        | Noticed a water moccasin
   129 | D        | Killed a scorpion
   129 | D        | Reached skill level 10 in Spellcasting
   129 | D        | Reached XP level 3. HP: 19/19 MP: 7/20
   142 | D        | Learned a level 3 spell: Conjure Flame
   146 | D        | Learned a level 3 spell: Inner Flame
   153 | D        | Killed a worker ant
   153 | D        | Reached skill level 11 in Spellcasting
   153 | D        | Reached XP level 4. HP: 24/24 MP: 1/23
   155 | D        | Killed a water moccasin
   155 | D        | Reached skill level 14 in Spellcasting
   155 | D        | Reached XP level 5. HP: 28/28 MP: 0/28
   210 | D        | Learned a level 4 spell: Sticky Flame
   216 | D        | Learned a level 5 spell: Fireball
   216 | D        | Found a glowing silver altar of Zin.
   216 | D        | Found a glowing golden altar of the Shining One.
   216 | D        | Found an ancient bone altar of Kikubaaqudgha.
   216 | D        | Found a basalt altar of Yredelemnul.
   216 | D        | Found a shimmering altar of Xom.
   216 | D        | Found a radiant altar of Vehumet.
   216 | D        | Found an iron altar of Okawaru.
   217 | D        | Found a burning altar of Makhleb.
   218 | D        | Found a deep blue altar of Sif Muna.
   219 | D        | Found a bloodstained altar of Trog.
   220 | D        | Found a sparkling altar of Nemelex Xobeh.
   221 | D        | Found a white marble altar of Elyvilon.
   222 | D        | Found a roughly hewn altar of Beogh.
   223 | D        | Found a viscous altar of Jiyva.
   224 | D        | Found a corrupted altar of Lugonu.
   226 | D        | Became a worshipper of Vehumet
   228 | D        | Found a blossoming altar of Fedhas.
   229 | D        | Found a snail-covered altar of Cheibriados.
   230 | D        | Found a shadowy altar of Dithmenos.
   231 | D        | Found a stormy altar of Qazlal.
   232 | D        | Found an opulent altar of Gozag.
   233 | D        | Found a sacrificial altar of Ru.
   315 | D        | Noticed a jelly
   315 | D        | Noticed a hill giant
   315 | D        | Noticed a crimson imp
   315 | D        | Noticed a phantom
   318 | D        | Killed a jelly
   320 | D        | Killed a crimson imp
   320 | D        | Reached skill level 5 in Fire Magic
   320 | D        | Acquired Vehumet's first power
   320 | D        | Offered knowledge of Freeze by Vehumet.
   322 | D        | Killed a hill giant
   322 | D        | Reached skill level 10 in Fire Magic
   322 | D        | Reached XP level 6. HP: 13/32 MP: 25/29
   322 | D        | Reached XP level 7. HP: 14/36 MP: 26/31
   334 | D        | Killed a phantom
   406 | D        | Noticed a red ugly thing
   406 | D        | Noticed an ice beast
   406 | D        | Noticed a troll
   406 | D        | Noticed an iguana
   406 | D        | Noticed a giant frog
   406 | D        | Noticed a purple ugly thing
   409 | D        | Killed an iguana
   409 | D        | Mangled by a red ugly thing

Action                   |  1- 3 |  4- 6 |  7- 9 || total
-------------------------+-------+-------+-------++-------
Melee: Flail             |       |     2 |       ||     2
       Scimitar          |       |       |     1 ||     1
 Cast: Flame Tongue      |    20 |     8 |     4 ||    32
       Conjure Flame     |     1 |     1 |       ||     2
       Inner Flame       |     1 |       |       ||     1
       Sticky Flame      |       |       |     3 ||     3
Evoke: Wand              |       |     2 |     3 ||     5
  Use: Potion            |     2 |       |     1 ||     3
